| TOP OF THE 1ST |
|
Dallas-Fort Worth Rangers batting - Pitching for El Paso Chihuahuas : RHP Tom Smith
|
|
Pitching: RHP Tom Smith
|
|
|
Batting: RHB Dave Aponte
|
0-0: Swinging Strike 0-1: Foul Ball, location: 2F 0-2: Ball 1-2: Ball 2-2: Ball 3-2: Foul Ball, location: 2F 3-2: Strikes out swinging
|
|
Batting: RHB Phil Bradley
|
0-0: Ball 1-0: Ball 2-0: Foul Ball, location: 2F 2-1: Swinging Strike 2-2: Strikes out swinging
|
|
Batting: LHB Sid Bream
|
0-0: Foul Ball, location: 2F 0-1: Ball 1-1: Ball 2-1: Swinging Strike 2-2: Ball 3-2: Strikes out looking
|
| Top of the 1st over - 0 runs, 0 hits, 0 errors, 0 left on base; Dallas-Fort Worth 0 - El Paso 0 |
| BOTTOM OF THE 1ST |
|
El Paso Chihuahuas batting - Pitching for Dallas-Fort Worth Rangers : RHP Billy Hawley
|
|
Pitching: RHP Billy Hawley
|
|
|
Batting: LHB Andy Van Slyke
|
0-0: Called Strike 0-1: Swinging Strike 0-2: Ball 1-2: Ball 2-2: Fly out, F9 (Flyball, 89S, EV 90.6 MPH)
|
|
Batting: RHB Julio Acevedo
|
0-0: Called Strike 0-1: Ball 1-1: Called Strike 1-2: Strikes out swinging
|
|
Batting: RHB Jesse Vann
|
0-0: Ball 1-0: Foul Ball, location: 2F 1-1: Called Strike 1-2: Ball 2-2: Ball 3-2: Foul Ball, location: 2F 3-2: Base on Balls
|
|
Batting: LHB Jerry Littmann
|
0-0: Ball 1-0: Ball 2-0: Ball 3-0: Called Strike 3-1: Called Strike 3-2: Foul Ball, location: 2F 3-2: DOUBLE (Line Drive, 7LD, EV 105.6 MPH) Jesse Vann to third Jesse Vann scores
|
|
Batting: RHB Bill Lyons
|
0-0: Foul Ball, location: 2F 0-1: Ball 1-1: Foul Ball, location: 2F 1-2: Foul Ball, location: 2F 1-2: Foul Ball, location: 2F 1-2: Ground out 5-3 (Groundball, 56S, EV 89.4 MPH)
|
| Bottom of the 1st over - 1 run, 1 hit, 0 errors, 1 left on base; Dallas-Fort Worth 0 - El Paso 1 |
| TOP OF THE 2ND |
|
Dallas-Fort Worth Rangers batting - Pitching for El Paso Chihuahuas : RHP Tom Smith
|
|
Batting: RHB Joe Carter
|
0-0: Ball 1-0: Foul Ball, location: 2F 1-1: Ball 2-1: Foul Ball, location: 2F 2-2: Reached on error, E5 (Groundball, 5D, EV 86.3 MPH)
|
|
Batting: RHB Terry Lee
|
0-0: SINGLE (Groundball, 6MD, EV 96.9 MPH) Joe Carter to third Runner from 3rd tries for Home, SAFE, throw by CF to home
|
|
Batting: RHB Ross Jones
|
0-0: Foul Ball, location: 2F 0-1: Ball 1-1: Foul Ball, location: 2F 1-2: Strikes out swinging
|
|
Batting: RHB Steve Nicosia
|
0-0: Ball Terry Lee is caught stealing 2nd base 2-4 1-0: Ball 2-0: Called Strike 2-1: Ball 3-1: Foul Ball, location: 2F 3-2: Strikes out swinging
|
| Top of the 2nd over - 1 run, 1 hit, 1 error, 0 left on base; Dallas-Fort Worth 1 - El Paso 1 |
| BOTTOM OF THE 2ND |
|
El Paso Chihuahuas batting - Pitching for Dallas-Fort Worth Rangers : RHP Billy Hawley
|
|
Batting: LHB Dan Murphy
|
0-0: Fly out, F6 (Popup, 6S, EV 75.0 MPH)
|
|
Batting: RHB Tom Roarke
|
0-0: Foul Ball, location: 2F 0-1: Ground out 6-3 (Groundball, 56, EV 105.0 MPH)
|
|
Batting: RHB Leo George
|
0-0: Ball 1-0: Swinging Strike 1-1: Called Strike 1-2: Ground out 5-3 (Groundball, 56S, EV 93.1 MPH)
|
| Bottom of the 2nd over - 0 runs, 0 hits, 0 errors, 0 left on base; Dallas-Fort Worth 1 - El Paso 1 |
| TOP OF THE 3RD |
|
Dallas-Fort Worth Rangers batting - Pitching for El Paso Chihuahuas : RHP Tom Smith
|
|
Batting: SHB Eski Viltz
|
0-0: SINGLE (Groundball, 34S, EV 70.0 MPH) (infield hit)
|
|
Batting: LHB Garcia Gutierrez
|
0-0: Called Strike 0-1: Ball 1-1: Ball 2-1: Foul Ball, location: 2F 2-2: Fly out, F1 (Line Drive, P, EV 68.1 MPH)
|
|
Batting: RHB Dave Aponte
|
0-0: Called Strike 0-1: Ball 1-1: Ball 2-1: Foul Ball, location: 2F 2-2: TRIPLE (Flyball, 89XD, EV 88.8 MPH) Eski Viltz scores
|
|
Batting: RHB Phil Bradley
|
0-0: Called Strike 0-1: Reached on error, E5 (Groundball, 5S, EV 86.3 MPH) Dave Aponte scores
|
|
Batting: LHB Sid Bream
|
0-0: Fly out, F9 (Line Drive, 9D, EV 105.6 MPH)
|
|
Batting: RHB Joe Carter
|
0-0: Ball Phil Bradley is caught stealing 2nd base 2-4
|
| Top of the 3rd over - 2 runs, 2 hits, 1 error, 0 left on base; Dallas-Fort Worth 3 - El Paso 1 |
| BOTTOM OF THE 3RD |
|
El Paso Chihuahuas batting - Pitching for Dallas-Fort Worth Rangers : RHP Billy Hawley
|
|
Batting: RHB William Parmenter
|
0-0: Ball 1-0: Foul Ball, location: 2F 1-1: Called Strike 1-2: Foul Ball, location: 2F 1-2: Strikes out swinging
|
|
Batting: LHB Andy Van Slyke
|
0-0: Ball 1-0: Ball 2-0: Fly out, F8 (Flyball, 8RD, EV 99.4 MPH)
|
|
Batting: RHB Julio Acevedo
|
0-0: Ball 1-0: Foul Ball, location: 2F 1-1: Swinging Strike 1-2: Ball 2-2: Ground out 6-3 (Groundball, 6, EV 83.1 MPH)
|
| Bottom of the 3rd over - 0 runs, 0 hits, 0 errors, 0 left on base; Dallas-Fort Worth 3 - El Paso 1 |
| TOP OF THE 4TH |
|
Dallas-Fort Worth Rangers batting - Pitching for El Paso Chihuahuas : RHP Tom Smith
|
|
Batting: RHB Joe Carter
|
0-0: Ball 1-0: Ball 2-0: Fly out, F6 (Popup, 6D, EV 65.6 MPH)
|
|
Batting: RHB Terry Lee
|
0-0: Ball 1-0: Called Strike 1-1: Foul Ball, location: 2F 1-2: Foul Ball, location: 2F 1-2: Fly out, F7 (Flyball, 7LM, EV 71.3 MPH)
|
|
Batting: RHB Ross Jones
|
0-0: Ball 1-0: Ball 2-0: Called Strike 2-1: Ball 3-1: Called Strike 3-2: Ground out 6-3 (Groundball, 6, EV 107.5 MPH)
|
| Top of the 4th over - 0 runs, 0 hits, 0 errors, 0 left on base; Dallas-Fort Worth 3 - El Paso 1 |
| BOTTOM OF THE 4TH |
|
El Paso Chihuahuas batting - Pitching for Dallas-Fort Worth Rangers : RHP Billy Hawley
|
|
Batting: RHB Jesse Vann
|
0-0: Ball 1-0: Swinging Strike 1-1: Called Strike 1-2: Ball 2-2: Ball 3-2: Foul Ball, location: 2F 3-2: Fly out, F8 (Flyball, 8RD, EV 92.5 MPH)
|
|
Batting: LHB Jerry Littmann
|
0-0: Foul Ball, location: 2F 0-1: Called Strike 0-2: Ball 1-2: Ball 2-2: Ball 3-2: Base on Balls
|
|
Batting: RHB Bill Lyons
|
0-0: Grounds into double play, 5-4-3 (Groundball, 56, EV 86.9 MPH)
|
| Bottom of the 4th over - 0 runs, 0 hits, 0 errors, 0 left on base; Dallas-Fort Worth 3 - El Paso 1 |
| TOP OF THE 5TH |
|
Dallas-Fort Worth Rangers batting - Pitching for El Paso Chihuahuas : RHP Tom Smith
|
|
Batting: RHB Steve Nicosia
|
0-0: Fly out, F8 (Line Drive, 8RM, EV 88.8 MPH)
|
|
Batting: SHB Eski Viltz
|
0-0: Called Strike 0-1: Ball 1-1: Called Strike 1-2: Strikes out swinging
|
|
Batting: LHB Garcia Gutierrez
|
0-0: Ball 1-0: Called Strike 1-1: Ball 2-1: Ground out 4-3 (Groundball, 4, EV 88.8 MPH)
|
| Top of the 5th over - 0 runs, 0 hits, 0 errors, 0 left on base; Dallas-Fort Worth 3 - El Paso 1 |
| BOTTOM OF THE 5TH |
|
El Paso Chihuahuas batting - Pitching for Dallas-Fort Worth Rangers : RHP Billy Hawley
|
|
Batting: LHB Dan Murphy
|
0-0: Ground out 6-3 (Groundball, 6, EV 106.3 MPH)
|
|
Batting: RHB Tom Roarke
|
0-0: Swinging Strike 0-1: Ball 1-1: Ground out U3 (Groundball, 34S, EV 85.6 MPH)
|
|
Batting: RHB Leo George
|
0-0: Foul Ball, location: 2F 0-1: Called Strike 0-2: Ball 1-2: Fly out, F8 (Flyball, 8RXD, EV 93.1 MPH)
|
| Bottom of the 5th over - 0 runs, 0 hits, 0 errors, 0 left on base; Dallas-Fort Worth 3 - El Paso 1 |
| TOP OF THE 6TH |
|
Dallas-Fort Worth Rangers batting - Pitching for El Paso Chihuahuas : RHP Tom Smith
|
|
Batting: RHB Dave Aponte
|
0-0: Bunt for hit to P - play at first, batter OUT! 1-3
|
|
Batting: RHB Phil Bradley
|
0-0: Ball 1-0: Called Strike 1-1: Foul Ball, location: 2F 1-2: Ball 2-2: Fly out, F8 (Flyball, 8LM, EV 88.8 MPH)
|
|
Batting: LHB Sid Bream
|
0-0: Called Strike 0-1: Called Strike 0-2: Ball 1-2: DOUBLE (Line Drive, 78XD, EV 105.0 MPH)
|
|
Batting: RHB Joe Carter
|
0-0: Called Strike 0-1: Ball 1-1: Fly out, F9 (Flyball, 9LS, EV 76.9 MPH)
|
| Top of the 6th over - 0 runs, 1 hit, 0 errors, 1 left on base; Dallas-Fort Worth 3 - El Paso 1 |
| BOTTOM OF THE 6TH |
|
El Paso Chihuahuas batting - Pitching for Dallas-Fort Worth Rangers : RHP Billy Hawley
|
|
Batting: RHB William Parmenter
|
0-0: Foul Ball, location: 2F 0-1: Ball 1-1: DOUBLE (Line Drive, 89D, EV 105.6 MPH)
|
|
Batting: LHB Andy Van Slyke
|
0-0: Foul Ball, location: 2F 0-1: Called Strike 0-2: Fly out, F3 (Popup, 3SF, EV 68.1 MPH)
|
|
Batting: RHB Julio Acevedo
|
0-0: Ground out 6-3 (Groundball, 6, EV 86.9 MPH) William Parmenter to third
|
|
Batting: RHB Jesse Vann
|
0-0: Ball 1-0: Foul Ball, location: 2F 1-1: Ball 2-1: Foul Ball, location: 2F 2-2: Ball 3-2: Strikes out swinging
|
| Bottom of the 6th over - 0 runs, 1 hit, 0 errors, 1 left on base; Dallas-Fort Worth 3 - El Paso 1 |
| TOP OF THE 7TH |
|
Dallas-Fort Worth Rangers batting - Pitching for El Paso Chihuahuas : RHP Tom Smith
|
|
Batting: RHB Terry Lee
|
0-0: Called Strike 0-1: Called Strike 0-2: Ball 1-2: Strikes out looking
|
|
Batting: RHB Ross Jones
|
0-0: Fly out, F8 (Line Drive, 8LM, EV 92.5 MPH)
|
|
Batting: RHB Steve Nicosia
|
0-0: Ball 1-0: Reached on error, E5 (Groundball, 56, EV 82.5 MPH)
|
|
Batting: SHB Eski Viltz
|
0-0: Ball 1-0: Called Strike 1-1: Ball 2-1: Foul Ball, location: 2F 2-2: Strikes out swinging
|
| Top of the 7th over - 0 runs, 0 hits, 1 error, 1 left on base; Dallas-Fort Worth 3 - El Paso 1 |
| BOTTOM OF THE 7TH |
|
El Paso Chihuahuas batting - Pitching for Dallas-Fort Worth Rangers : RHP Billy Hawley
|
|
Batting: LHB Jerry Littmann
|
0-0: Foul Ball, location: 2F 0-1: Ball 1-1: Ball 2-1: Called Strike 2-2: Strikes out looking
|
|
Batting: RHB Bill Lyons
|
0-0: Foul Ball, location: 2F 0-1: Called Strike 0-2: Ball 1-2: Strikes out swinging
|
|
Batting: LHB Dan Murphy
|
0-0: Fly out, F8 (Flyball, 89M, EV 76.3 MPH)
|
| Bottom of the 7th over - 0 runs, 0 hits, 0 errors, 0 left on base; Dallas-Fort Worth 3 - El Paso 1 |
| TOP OF THE 8TH |
|
Dallas-Fort Worth Rangers batting - Pitching for El Paso Chihuahuas : RHP Tom Smith
|
|
Batting: LHB Garcia Gutierrez
|
0-0: Ball 1-0: Foul Ball, location: 2F 1-1: Called Strike 1-2: Ball 2-2: Ball 3-2: Fly out, F8 (Flyball, 8LM, EV 95.6 MPH)
|
|
Batting: RHB Dave Aponte
|
0-0: Foul Ball, location: 2F 0-1: Called Strike 0-2: Ground out 6-3 (Groundball, 6, EV 88.8 MPH)
|
|
Batting: RHB Phil Bradley
|
0-0: Swinging Strike 0-1: SINGLE (Groundball, 56S, EV 63.1 MPH) (infield hit)
|
|
Batting: LHB Sid Bream
|
0-0: Ball 1-0: Called Strike 1-1: Swinging Strike 1-2: Fielders Choice at 2nd, 6-4 (Groundball, 56, EV 92.5 MPH)
|
| Top of the 8th over - 0 runs, 1 hit, 0 errors, 1 left on base; Dallas-Fort Worth 3 - El Paso 1 |
| BOTTOM OF THE 8TH |
|
El Paso Chihuahuas batting - Pitching for Dallas-Fort Worth Rangers : RHP Billy Hawley
|
|
Batting: RHB Tom Roarke
|
0-0: Foul Ball, location: 2F 0-1: Called Strike 0-2: Strikes out swinging
|
|
Batting: RHB Leo George
|
0-0: Ball 1-0: Foul Ball, location: 2F 1-1: Swinging Strike 1-2: Strikes out swinging
|
|
Batting: RHB William Parmenter
|
0-0: Ball 1-0: Ball 2-0: Ball 3-0: Base on Balls
|
|
Batting: LHB Andy Van Slyke
|
0-0: Fielders Choice at 2nd, 6-4 (Groundball, 6, EV 99.4 MPH)
|
| Bottom of the 8th over - 0 runs, 0 hits, 0 errors, 1 left on base; Dallas-Fort Worth 3 - El Paso 1 |
| TOP OF THE 9TH |
|
Dallas-Fort Worth Rangers batting - Pitching for El Paso Chihuahuas : RHP Tom Smith
|
|
Batting: RHB Joe Carter
|
0-0: SINGLE (Line Drive, 7S, EV 100.0 MPH)
|
|
Batting: RHB Terry Lee
|
0-0: DOUBLE (Flyball, 8RXD, EV 109.4 MPH) Joe Carter to third Runner from 3rd tries for Home, SAFE, no throw by CF
|
|
Batting: RHB Ross Jones
|
0-0: Sac Bunt to 25 - play at first, batter OUT! 5-3 Terry Lee to third
|
|
Batting: RHB Steve Nicosia
|
0-0: Intentional Walk
|
|
Batting: SHB Eski Viltz
|
0-0: Called Strike 0-1: Ball 1-1: SINGLE (Line Drive, 8RS, EV 105.6 MPH) Terry Lee scores Steve Nicosia to second
|
|
Batting: LHB Garcia Gutierrez
|
0-0: Foul Ball, location: 2F 0-1: Ball 1-1: SINGLE (Line Drive, 7S, EV 101.9 MPH) Steve Nicosia to third Eski Viltz to second Runner from 3rd tries for Home, SAFE, throw by LF to home
|
|
Pitching: RHP Alejandro Pena
|
|
|
Batting: RHB Dave Aponte
|
0-0: Foul Ball, location: 2F 0-1: Swinging Strike 0-2: Ball 1-2: Ball 2-2: Ball 3-2: Fly out, F7 (Flyball, 7D, EV 93.8 MPH) Runner from 2nd tags up, SAFE at 3rd, no throw by LF
|
|
Batting: RHB Phil Bradley
|
0-0: Called Strike 0-1: Ball 1-1: Ball 2-1: Swinging Strike 2-2: Ball 3-2: Strikes out looking
|
| Top of the 9th over - 3 runs, 4 hits, 0 errors, 2 left on base; Dallas-Fort Worth 6 - El Paso 1 |
| BOTTOM OF THE 9TH |
|
El Paso Chihuahuas batting - Pitching for Dallas-Fort Worth Rangers : RHP Billy Hawley
|
|
Batting: RHB Julio Acevedo
|
0-0: Called Strike 0-1: Called Strike 0-2: Ball 1-2: Strikes out looking
|
|
Batting: RHB Jesse Vann
|
0-0: Ball 1-0: Ball 2-0: Swinging Strike 2-1: Ball 3-1: Foul Ball, location: 2F 3-2: Fly out, F9 (Line Drive, 9D, EV 88.1 MPH)
|
|
Batting: LHB Jerry Littmann
|
0-0: Ball 1-0: Swinging Strike 1-1: Foul Ball, location: 2F 1-2: Foul Ball, location: 2F 1-2: Fly out, F8 (Line Drive, 8LM, EV 88.8 MPH)
|
| Bottom of the 9th over - 0 runs, 0 hits, 0 errors, 0 left on base; Dallas-Fort Worth 6 - El Paso 1 |
|